 Dungeon Crawl Stone Soup version 0.30.1-11-g7821555f0a (webtiles) character file.

Game seed: 2142471800024202242

272 Curundu the Chopper (level 6, -5/84 HPs)
             Began as a Minotaur Berserker on Jan 12, 2024.
             Was a Believer of Trog.
             Slain by an ogre
             ... wielding a +0 giant spiked club
              (24 damage)
             ... on level 4 of the Dungeon.
             The game lasted 00:07:26 (3041 turns).

Curundu the Chopper (Minotaur Berserker)            Turns: 3041, Time: 00:07:27

Health: -5/84      AC:  9    Str: 24    XL:     6   Next: 2%
Magic:  5/5        EV: 11    Int:  4    God:    Trog [**....]
Gold:   195        SH:  0    Dex:  9    Spells: 5/5 levels left

rFire   . . .        a - +0 hand axe
rCold   . . .        (no shield)
rNeg    . . .        d - +0 ring mail
rPois   .            r - +2 hat
rElec   .            (no cloak)
rCorr   .            p - +0 pair of gloves
SInv    .            (no boots)
Will    ++...        (no amulet) Stlth
                     (no ring)
HPRegen 1.34/turn    (no ring)
MPRegen 0.09/turn

%: no passive effects
@: berserking, strong-willed, regenerating, very quick
A: horns 2, retaliatory headbutt
a: Renounce Religion, Berserk, Trog's Hand


You were on level 4 of the Dungeon.
You worshipped Trog.
Trog was pleased with you.
You visited 1 branch of the dungeon, and saw 4 of its levels.

You collected 195 gold pieces.

Inventory:

Hand Weapons
 a - a +0 hand axe (weapon)
Missiles
 e - 6 curare-tipped darts (quivered)
 o - 4 poisoned darts
Armour
 d - a +0 ring mail (worn)
 p - a +0 pair of gloves (worn)
 r - a +2 hat (worn)
Jewellery
 m - a ring of fire
 w - a ring of protection from cold
Scrolls
 g - 2 scrolls of amnesia {unknown}
 i - 2 scrolls of torment {unknown}
 k - a scroll of noise {unknown}
 l - a scroll of enchant armour {unknown}
 q - a scroll of immolation {unknown}
 s - a scroll of fog {unknown}
 u - 2 scrolls of teleportation {unknown}
 v - a scroll of identify {unknown}
Potions
 b - a potion of brilliance {unknown}
 c - 3 potions of heal wounds {unknown}
 f - a potion of might {unknown}
 h - a potion of haste {unknown}
 j - a potion of curing {unknown}
 n - a potion of flight {unknown}
 t - 2 potions of mutation {unknown}


   Skills:
 + Level 5.0 Fighting
 + Level 5.6 Axes
 + Level 4.8 Armour
 + Level 2.7 Dodging
 + Level 0.1 Stealth


You had 5 spell levels left.
You didn't know any spells.
Your spell library was empty.

Dungeon Overview and Level Annotations

Branches:
Dungeon (4/15)             Temple (0/1) D:4

Altars:
Cheibriados
Hepliaklqana
Wu Jian

Shops:
D:2 [


Innate Abilities, Weirdness & Mutations

You have a pair of horns on your head.
You reflexively headbutt those who attack you in melee.


Message History

Found a stone staircase leading down.
Found a snail-covered altar of Cheibriados.
Found a helmet.
Found a hazy altar of Hepliaklqana.
You now have 195 gold pieces (gained 7).
There is a snail-covered altar of Cheibriados here.
A dart slug comes into view.
A dart slug is nearby!
Found a robe.
The dart slug launches a dart at you. The slug dart hits you.
You hit the dart slug but do no damage. The dart slug closely misses you.
You furiously retaliate!
You headbutt the dart slug!
You kill the dart slug!
Trog accepts your kill.
You see here a dart slug corpse.
You open the door. You open the door.
An ogre comes into view. It is wielding a +0 giant spiked club.
The ogre shouts!
The ogre hits you with a +0 giant spiked club.
There is an open door, spattered with blood here.
You hit the ogre.
The ogre is lightly wounded.
The ogre hits you with a +0 giant spiked club!
You hit the ogre. Your headbutt misses the ogre.
The ogre is lightly wounded.
You slash the ogre!
The ogre is heavily wounded.
The ogre hits you with a +0 giant spiked club!!
Your skin crawls.
You feel strong-willed.
The ogre hits you with a +0 giant spiked club!
* * * LOW HITPOINT WARNING * * *
A red film seems to cover your vision as you go berserk!
You feel yourself moving faster!
You feel mighty!
You slash the ogre! Your headbutt misses the ogre.
The ogre is almost dead.
The ogre hits you with a +0 giant spiked club!!
You die...

### #####
##...#...
.......O#
###@##
#....#
#....#
#....# #+#
#....# #.#
#....# #.#
#....# #.#
#....#####.#
#..........#


You could see an ogre.

Vanquished Creatures
  An ogre (D:4)
  An orc priest (D:4)
  An iguana (D:4)
  4 gnolls (D:3)
  2 adders (D:4)
  3 worms
  A dart slug (D:4)
  5 orcs
  4 endoplasms
  3 giant cockroaches
  4 goblins
  3 hobgoblins
  4 jackals (D:4)
  6 kobolds
  A quokka (D:4)
  5 ball pythons
  4 bats
  A frilled lizard (D:2)
  7 rats
60 creatures vanquished.

Notes
Turn   | Place    | Note
-------+----------+-------------------------------------------
     0 | D:1      | Curundu the Minotaur Berserker began the quest for the Orb.
     0 | D:1      | Reached XP level 1. HP: 19/19 MP: 0/0
   298 | D:1      | Reached XP level 2. HP: 27/27 MP: 1/1
   747 | D:2      | Reached ** piety under Trog
   805 | D:2      | Reached XP level 3. HP: 32/33 MP: 2/2
  1039 | D:2      | Found Hokeoj's Antique Armour Boutique.
  1387 | D:3      | Found a faded altar of an unknown god.
  1428 | D:3      | Found an ornate altar of the Wu Jian Council.
  1525 | D:3      | Reached XP level 4. HP: 8/41 MP: 3/3
  2254 | D:4      | Noticed an ogre
  2261 | D:4      | Killed an ogre
  2262 | D:4      | Reached skill level 5 in Axes
  2262 | D:4      | Reached XP level 5. HP: 22/47 MP: 4/4
  2543 | D:4      | Found a staircase to the Ecumenical Temple.
  2632 | D:4      | Reached skill level 5 in Fighting
  2632 | D:4      | Reached XP level 6. HP: 17/56 MP: 5/5
  2959 | D:4      | Found a snail-covered altar of Cheibriados.
  2963 | D:4      | Found a hazy altar of Hepliaklqana.
  3041 | D:4      | Slain by an ogre

Illustrated notes

Levels and vault maps discovered:
D:1:      lightli_arrival_lavapool, layout_loops_ring, reono_crystal_passage,
          serial_park_tiny_pond
D:2:      layout_loops_cross, serial_shops, nicolae_shop_behind_doors
D:3:      layout_loops_corners, general_overflow_altar,
          dreamdust_ecumenical_altar_statues
D:4:      layout_basic, chequers_temple_overflow_statue_of_worship,
          temple_statues, serial_curves, eino_curves_02, eino_curves_04,
          eino_curves_03, kennysheep_generic_room_7

Skill      XL: |  1  2  3  4  5 |
---------------+----------------+-----
Axes           | 4 5 |  5.6
Fighting       | 4 5 |  5.0
Armour         | 3 4 |  4.8
Dodging        | |  2.7
Stealth        | |  0.1

Action                     |  1- 3 |  4- 6 || total
---------------------------+-------+-------++-------
  Melee: Hand axe          |    77 |    65 ||   142
         Headbutt          |    11 |     9 ||    20
         Punch             |     2 |       ||     2
 Invoke: Berserk           |       |     3 ||     3
         Trog's Hand       |       |     2 ||     2
 Armour: Ring mail         |    30 |    29 ||    59
  Dodge: Dodged            |    50 |    29 ||    79
